 Dungeon Crawl Stone Soup version 0.25-a0-860-gf695395b5c (webtiles) character file.

Game seed: 7455139719749770747, levelgen mode: deterministic

251 Maedhros the Insei (level 6, -6/38 HPs)
             Began as an Octopode Artificer on Apr 29, 2020.
             Was an Initiate of Cheibriados.
             Mangled by Blork the orc
             ... wielding a +0 battleaxe
              (13 damage)
             ... on level 4 of the Dungeon.
             The game lasted 00:02:33 (442 turns).

Maedhros the Insei (Octopode Artificer)              Turns: 442, Time: 00:02:33

Health: -6/38      AC:  1    Str: 12    XL:     6   Next: 13%
Magic:  8/8        EV: 14    Int: 15    God:    Cheibriados [......]
Gold:   42         SH:  0    Dex: 17    Spells: 5/5 levels left

rFire    . . .     SeeInvis .   m - +0 rapier
rCold    + . .     Gourm    .   (no shield)
rNeg     . . .     Faith    .   (helmet restricted)
rPois    .         Spirit   .   (no amulet)
rElec    .         Reflect  .   (no ring)
rCorr    .         Harm     .   (no ring)
MR       .....                  (no ring)
Stlth    ++++......             (no ring)
HPRegen  0.12/turn              (no ring)
MPRegen  0.11/turn              (no ring)
                                (no ring)
                                (no ring)

@: very slow
A: almost no armour, stealthy swim, amphibious, 8 rings, constrict 8, camouflage
1, agile 1, cold resistance 1, gelatinous body 1
a: Bend Time, Renounce Religion


You were on level 4 of the Dungeon.
You worshipped Cheibriados.
Cheibriados was noncommittal.
You were not hungry.

You visited 2 branches of the dungeon, and saw 6 of its levels.

You collected 42 gold pieces.

Inventory:

Hand Weapons
 a - a +0 short sword
 m - a +0 rapier (weapon)
Missiles
 k - 14 poisoned darts (quivered)
Wands
 b - a wand of flame (11)
 c - a wand of enslavement (12)
 d - a wand of random effects (8)
Scrolls
 h - 2 scrolls of identify {unknown}
 i - 3 scrolls of remove curse {unknown}
 j - a scroll of holy word {unknown}
 l - a scroll of enchant weapon {unknown}
 n - a scroll of teleportation {unknown}
Potions
 g - a potion of curing {unknown}
 o - a potion of flight {unknown}
Comestibles
 f - 3 rations


   Skills:
 - Level 1.0 Fighting
 - Level 1.0 Short Blades
 - Level 2.0 Dodging
 - Level 4.0 Stealth
 + Level 5.1 Unarmed Combat
 - Level 3.2 Evocations


You had 5 spell levels left.
You didn't know any spells.
Your spell library was empty.

Dungeon Overview and Level Annotations

Branches:
Dungeon (5/15)             Temple (1/1) D:4

Altars:
Cheibriados
Dithmenos
Fedhas
Kikubaaqudgha
Makhleb
Okawaru
Ru
Sif Muna
Uskayaw
Vehumet
Wu Jian

Shops:
D:4 :

Annotations:
D:4 Blork the orc


Innate Abilities, Weirdness & Mutations

You cannot wear most types of armour.
You are very stealthy in the water. (Stealth+)
You are amphibious.
You can wear up to eight rings at the same time.
You can use your tentacles to constrict eight enemies at once.
Your skin changes colour to match your surroundings (Stealth+).
Your rubbery body absorbs attacks. (AC +1, EV +1)
You are agile. (Dex +2)
Your flesh is cold resistant. (rC+)


Message History

Press: ? - help, Shift-Dir - straight line, f/p - Blork the orc
Aim: Blork the orc, wielding a +0 battleaxe and wearing a +1 robe of magic resistance (heavily wounded, constricted by you, chance to defeat MR: 22%) Blork the orc resists with almost no effort.
You constrict Blork the orc. Blork the orc barely misses you.
Evoke which item? (* to show all) (? for menu, Esc to quit)
Aiming: Throw Flame
Press: ? - help, Shift-Dir - straight line, f/p - Blork the orc
Aim: Blork the orc, wielding a +0 battleaxe and wearing a +1 robe of magic resistance (heavily wounded, constricted by you)
The puff of flame hits Blork the orc.
Blork the orc is severely wounded.
You constrict Blork the orc. Blork the orc closely misses you.
Evoke which item? (* to show all) (? for menu, Esc to quit)
Aiming: Throw Flame
Press: ? - help, Shift-Dir - straight line, f/p - Blork the orc
Aim: Blork the orc, wielding a +0 battleaxe and wearing a +1 robe of magic resistance (severely wounded, constricted by you)
The puff of flame hits Blork the orc.
Blork the orc is severely wounded.
You constrict Blork the orc.
Blork the orc hits you with a +0 battleaxe!
You die...

###....####...#.⌠
#.............#..
#.#..#†##.#......
..
#..#.##.######. .
....#.## #.
###.##.# #.
#.##.# #
.###.#####.##.#
.....!$@o.....#
####.#####.####
#.# #o# #.#
#.##..# #.##..#
#.##..# .. ... ..


You could see Blork the orc.

Vanquished Creatures
  Eustachio (D:4)
  An ogre (D:5)
  3 adders
  A leopard gecko (D:4)
  A ball python (D:4)
  A bat (D:2)
8 creatures vanquished.

Notes
Turn   | Place    | Note
-------+----------+-------------------------------------------
     0 | D:1      | Maedhros the Octopode Artificer began the quest for the
                  | Orb.
     0 | D:1      | Reached XP level 1. HP: 13/13 MP: 3/3
    23 | D:2      | Reached XP level 2. HP: 16/18 MP: 4/4
    92 | D:4      | Found Aronkekh's Book Shoppe.
   105 | D:4      | You fall into a shaft and drop 1 floor!
   105 | D:5      | Entered Level 5 of the Dungeon
   176 | D:5      | Noticed an ogre
   179 | D:5      | Killed an ogre
   179 | D:5      | Reached skill level 3 in Unarmed Combat
   179 | D:5      | Reached XP level 3. HP: 23/23 MP: 5/5
   179 | D:5      | Reached XP level 4. HP: 28/28 MP: 6/6
   335 | D:4      | Found a staircase to the Ecumenical Temple.
   335 | D:4      | Noticed Eustachio
   348 | D:4      | Killed Eustachio
   348 | D:4      | Reached skill level 5 in Unarmed Combat
   348 | D:4      | Reached XP level 5. HP: 33/33 MP: 7/7
   348 | D:4      | Reached XP level 6. HP: 38/38 MP: 8/8
   361 | Temple   | Entered the Ecumenical Temple
   383 | Temple   | Became a worshipper of Cheibriados the Contemplative
   430 | D:4      | Noticed Blork the orc
   436 | D:4      | Gained mutation: Your flesh is cold resistant. (rC+)
                  | [potion of mutation]
   436 | D:4      | Gained mutation: You are agile. (Dex +2) [potion of
                  | mutation]
   442 | D:4      | Mangled by Blork the orc

Levels and vault maps discovered:
D:1:      tarquinn_simple_flora_water_b, layout_rooms, minmay_misc_feat_rugged
D:2:      layout_basic, hangedman_feature_mirror, item_on_display_a
D:3:      layout_loops_ring, gammafunk_temple_overflow_forgotten,
          nicolae_qazlal_style_of_elements, uniq_jessica,
          uniq_crazy_yiuf_cottage, uniq_ijyb
D:4:      layout_loops_ring, minmay_temple_entry_junction_2, first_ration,
          serial_shops, shop_statue, uniq_blork_the_orc, uniq_eustachio
D:5:      layout_loops_ring, old_standard_altar
Temple:   minmay_temple_bridge_abc

Skill      XL: |  1  2  3  4 |
---------------+-------------+-----
Stealth        | 3 4 |  4.0
Unarmed Combat | 3 5 |  5.1
Fighting       | |  1.0
Short Blades   | |  1.0
Dodging        | |  2.0
Evocations     | |  3.2

Action                   |  1- 3 |  4- 6 || total
-------------------------+-------+-------++-------
Melee: Short sword       |     8 |     6 ||    14
       Constrict         |     3 |     4 ||     7
       Tentacles         |     1 |     2 ||     3
       Rapier            |       |     5 ||     5
       Punch             |       |     1 ||     1
Evoke: Wand              |     3 |    11 ||    14
  Use: Potion            |       |     1 ||     1
 Stab: Sleeping          |     1 |     2 ||     3
Armor: Skin              |     1 |       ||     1
Dodge: Dodged            |     4 |     6 ||    10

Table legend:
 A = Non-vault XP
 B = Vault XP
 C = Vault XP percentage of total XP
 D = Non-vault monster count
 E = Vault monster count
 F = Vault count percentage of total count
                 A         B        C        D         E       F
            +---------+---------+-------+---------+---------+-------
      Total |     162 |     197 |  54.9 |       7 |       1 |  12.5
            +---------+---------+-------+---------+---------+-------
        D:2 |      15 |       0 |   0.0 |       2 |       0 |   0.0
        D:4 |      18 |     197 |  91.6 |       3 |       1 |  25.0
        D:5 |     129 |       0 |   0.0 |       2 |       0 |   0.0
            +---------+---------+-------+---------+---------+-------
